 Dungeon Crawl Stone Soup version 0.30-a0-591-g3c58d2bc28 (webtiles) character file.

Game seed: 5066343780415273432

15320 IdlyInterested the Slicer (level 12, 0/92 HPs)
             Began as a Demonspawn Berserker on Jan 4, 2023.
             Was a High Priest of Trog.
             Drowned by a water elemental (4 damage)
             ... on level 12 of the Dungeon on Jan 5, 2023.
             The game lasted 00:40:47 (10896 turns).

IdlyInterested the Slicer (Demonspawn Berserker)   Turns: 10896, Time: 00:40:47

Health: 0/92       AC: 22    Str: 18    XL:     12   Next: 0%
Magic:  12/12      EV: 11    Int:  9    God:    Trog [*****.]
Gold:   371        SH:  6    Dex: 17    Spells: 11/11 levels left

rFire   + + +      SeeInvis .    o - +1 rapier (protect)
rCold   . . .      Faith    .    s - +2 buckler
rNeg    . . .      Spirit   .    t - +3 ring mail of Qaabb {-Tele rF++ Regen+ Stlth+}
rPois   .          Reflect  .    (helmet restricted)
rElec   .          Harm     .    (no cloak)
rCorr   +          Rampage  +    r - +0 pair of gloves
Will    .....      NoTele   +    M - +2 pair of boots {rampage}
Stlth   +++                      E - amulet of regeneration
HPRegen 1.95/turn                G - ring of resist corrosion
MPRegen 0.13/turn                (no ring)

@: engulfed (cannot breathe), under a protective aura, unable to read, very slow
A: claws 2, rugged brown scales 3, demonic guardian 1, ignite blood 1, horns 1,
fire resistance 1, inability to read after injury 2
a: Renounce Religion, Berserk, Trog's Hand, Brothers in Arms


You were on level 12 of the Dungeon.
You worshipped Trog.
Trog was extremely pleased with you.
You visited 2 branches of the dungeon, and saw 13 of its levels.

You collected 586 gold pieces.
You spent 215 gold pieces at shops.

Inventory:

Hand Weapons
 d - a +2 dagger of electrocution
 o - a +1 rapier of protection (weapon)
 y - a +1 vampiric dagger
Missiles
 c - 77 stones (quivered)
 j - 5 atropa-tipped darts
 k - 34 poisoned darts
 n - 4 javelins
 p - 2 throwing nets
 u - a curare-tipped dart
 D - 3 datura-tipped darts
 F - 2 silver boomerangs
Armour
 m - a +2 helmet
 r - a +0 pair of gloves (worn)
 s - a +2 buckler (worn)
 t - the +3 ring mail of Qaabb (worn) {-Tele rF++ Regen+ Stlth+}
   (You found it on level 4 of the Dungeon)

   rF:        It greatly protects you from fire.
   -Tele:     It prevents most forms of teleportation.
   Regen:     It increases your rate of health regeneration.
   Stlth:     It makes you more stealthy.
 w - a +2 robe of cold resistance
 M - a +2 pair of boots of rampaging (worn)
Jewellery
 g - an amulet of the acrobat
 E - an amulet of regeneration (around neck)
 G - a ring of resist corrosion (left hand)
Wands
 A - a wand of roots (10)
 L - a wand of mindburst (5)
Scrolls
 a - a scroll of poison
 b - 8 scrolls of teleportation
 h - 4 scrolls of immolation
 i - 3 scrolls of enchant weapon
 l - 6 scrolls of enchant armour
 x - 2 scrolls of magic mapping
 C - a scroll of fear {unknown}
 N - a scroll of acquirement {unknown}
 O - 2 scrolls of vulnerability
Potions
 e - 2 potions of mutation
 f - 3 potions of might
 q - 8 potions of curing
 v - 4 potions of flight
 z - 4 potions of resistance
 B - a potion of magic
 H - 2 potions of berserk rage {unknown}
 K - 8 potions of haste
 P - a potion of attraction
 Q - a potion of invisibility
Miscellaneous
 J - a condenser vane (inert)


   Skills:
 + Level 5.2 Fighting
 - Level 14.0 Short Blades
 - Level 2.0 Throwing
 - Level 2.0 Armour
 - Level 2.0 Dodging
 * Level 11.2 Stealth
 * Level 1.3 Shields
 - Level 2.0 Unarmed Combat


You had 11 spell levels left.
You didn't know any spells.
Your spell library was empty.

Dungeon Overview and Level Annotations

Branches:
Dungeon (12/15)            Temple (1/1) D:7            Lair (0/5) D:10
    Orc (0/2) D:10

Altars:
Ashenzari
Cheibriados
Dithmenos
Fedhas
Gozag
Hepliaklqana
Kikubaaqudgha
Makhleb
Nemelex Xobeh
Okawaru
Qazlal
Ru
Sif Muna
Trog
Uskayaw
Vehumet
Wu Jian
Xom
Yredelemnul

Shops:
D:4 *   D:10 ([


Innate Abilities, Weirdness & Mutations

You have very sharp fingernails.
You are completely covered in rugged brown scales. (AC +3, +7% HP)
A weak demonic guardian rushes to your aid.
Your demonic aura sometimes causes spilled blood to erupt in flames.
You have a pair of small horns on your head.
Your flesh is heat resistant. (rF+)
You sometimes lose the ability to read scrolls when taking damage.


Message History

The water elemental completely misses you.
The shadow closely misses you. The water elemental hits you!
* * * LOW HITPOINT WARNING * * *
The water elemental engulfs you in water!
You slip free of the water engulfing you.
* * * LOW HITPOINT WARNING * * *
Your lungs strain for air!
The shadow hits you.
* * * LOW HITPOINT WARNING * * *
The water elemental hits you.
You slip free of the water engulfing you.
You enter the shallow water.
Moving in this stuff is going to be slow.
You feel less invigorated.
* * * LOW HITPOINT WARNING * * *
Your lungs strain for air!
You feel less confused. You block the water elemental's attack.
Okay, then.
You hit the water elemental but do no damage.
Your weapon exudes an aura of protection.
You headbutt the water elemental.
The water elemental is almost destroyed.
* * * LOW HITPOINT WARNING * * *
Your lungs strain for air!
The shadow hits you.
* * * LOW HITPOINT WARNING * * *
The water elemental hits you.
* * * LOW HITPOINT WARNING * * *
Okay, then.
Your unstable footing causes you to fumble your attack.
* * * LOW HITPOINT WARNING * * *
Your lungs strain for air!
You completely miss the water elemental.
The water elemental is almost destroyed.
* * * LOW HITPOINT WARNING * * *
Your lungs strain for air!
The shadow hits you. The water elemental hits you.
Your unstable footing causes you to fumble your attack.
You die...

....##~.~≈≈#...<.
....#~~.~≈≈~.....
........~≈.......
....~~~~≈~.~~....
....~≈≈≈≈~.~~....
....~~~~~~.~~....
........<........
....#~~WE.......#
#. ##≈≈@.....###
##~~........
............
..####.###....
... ... .... ..
~.## ... . ... ..
..


You could see a water elemental and a shadow.

Vanquished Creatures
  Erolcha (D:10)
  An ogre mage (D:11)
  7 two-headed ogres
  Joseph (D:7)
  4 kobold demonologists (D:10)
  Psyche (D:11)
  3 trolls
  A hornet (D:9)
  A shadow (D:5)
  A water elemental (D:12)
  14 yaks
  Grum (D:9)
  2 steam dragons (D:8)
  Menkaure (D:7)
  4 water moccasins
  6 orc warriors
  2 black bears
  An ice beast (D:6)
  A sky beast (D:7)
  2 wolves (D:9)
  4 ogres
  4 centaurs
  A phantom (D:6)
  2 kobold brigands
  2 bullfrogs
  3 necrophages
  3 scorpions
  5 wights (D:8)
  15 killer bees
  5 howler monkeys
  4 electric eels
  A hound (D:5)
  4 jellies
  3 orc priests
  4 iguanas
  4 orc wizards
  4 gnolls
  7 adders
  A shadow imp (D:6)
  2 white imps
  An ufetubus (D:6)
  2 worms
  4 dart slugs
  29 orcs
  8 bats
  4 endoplasms
  A giant cockroach (D:1)
  10 hobgoblins
  17 kobolds
  5 quokkas
  2 ball pythons (D:4)
  5 frilled lizards
  3 goblins (D:4)
  7 rats
  A spectral orc (D:7)
232 creatures vanquished.

Vanquished Creatures (others)
  A human (D:9)
1 creature vanquished.

Grand Total: 233 creatures vanquished

Notes
Turn   | Place    | Note
-------+----------+-------------------------------------------
     0 | D:1      | IdlyInterested the Demonspawn Berserker began the quest for
                  | the Orb.
     0 | D:1      | Reached XP level 1. HP: 18/18 MP: 1/1
   220 | D:1      | Gained mutation: You are partially covered in rugged brown
                  | scales. (AC +1, +3% HP) [demonic ancestry]
   220 | D:1      | Reached XP level 2. HP: 11/24 MP: 2/2
   266 | D:1      | Reached skill level 3 in Short Blades
   618 | D:1      | Reached skill level 1 in Stealth
   618 | D:1      | Gained mutation: You are mostly covered in rugged brown
                  | scales. (AC +2, +5% HP) [demonic ancestry]
   618 | D:1      | Reached XP level 3. HP: 14/30 MP: 3/3
   765 | D:1      | You fall into a shaft and drop 1 floor!
  1288 | D:2      | Gained mutation: Your body sometimes deteriorates upon
                  | taking damage. [potion of mutation]
  1288 | D:2      | Gained mutation: Your spells are a little easier to cast,
                  | but a little less powerful. [potion of mutation]
  1288 | D:2      | Gained mutation: Your flesh is heat resistant. (rF+)
                  | [potion of mutation]
  1364 | D:2      | Reached ** piety under Trog
  1365 | D:2      | Gained mutation: You have sharp fingernails. [demonic
                  | ancestry]
  1365 | D:2      | Reached XP level 4. HP: 35/36 MP: 4/4
  2065 | D:3      | Noticed a scorpion
  2077 | D:3      | Killed a scorpion
  2078 | D:3      | Reached skill level 4 in Short Blades
  2078 | D:3      | Reached XP level 5. HP: 37/43 MP: 5/5
  2114 | D:3      | Identified the +8 halberd "Daudu" {heavy, Str+4}
  2166 | D:3      | Found a sparkling altar of Nemelex Xobeh.
  2611 | D:3      | Found a stormy altar of Qazlal.
  2866 | D:4      | Found an opulent altar of Gozag.
  3019 | D:4      | Found Gozag's Platinum Reserve.
  3423 | D:4      | Reached XP level 6. HP: 31/49 MP: 6/6
  3506 | D:4      | Identified the +3 ring mail of Qaabb {-Tele rF++ Regen+
                  | Stlth+}
  3672 | D:5      | Entered Level 5 of the Dungeon
  3748 | D:5      | Reached skill level 5 in Short Blades
  3846 | D:5      | Noticed a water moccasin
  3867 | D:5      | Killed a water moccasin
  3909 | D:5      | Gained mutation: You have very sharp fingernails. [demonic
                  | ancestry]
  3909 | D:5      | Reached XP level 7. HP: 54/54 MP: 7/7
  3976 | D:5      | Reached skill level 6 in Short Blades
  4019 | D:5      | Reached *** piety under Trog
  4122 | D:5      | Found a broken altar of Ashenzari.
  4352 | D:5      | Noticed a shadow
  4357 | D:5      | Killed a shadow
  4358 | D:5      | Reached skill level 7 in Short Blades
  4358 | D:5      | Reached skill level 5 in Stealth
  4854 | D:6      | Reached XP level 8. HP: 60/60 MP: 8/8
  5140 | D:6      | Reached skill level 8 in Short Blades
  5362 | D:6      | Found Soriwuvohu's Weapon Shoppe.
  5726 | D:7      | Reached skill level 9 in Short Blades
  5746 | D:7      | Gained mutation: You are completely covered in rugged brown
                  | scales. (AC +3, +7% HP) [demonic ancestry]
  5746 | D:7      | Reached XP level 9. HP: 60/68 MP: 9/9
  5892 | D:7      | Noticed Menkaure
  5913 | D:7      | Killed Menkaure
  6067 | D:7      | Found a staircase to the Ecumenical Temple.
  6079 | Temple   | Entered the Ecumenical Temple
  6172 | D:7      | Noticed Joseph
  6218 | D:7      | Killed Joseph
  6219 | D:7      | Reached skill level 10 in Short Blades
  6368 | D:7      | Found a basalt altar of Yredelemnul.
  6645 | D:7      | Found a shadowy altar of Dithmenos.
  7169 | D:8      | Reached **** piety under Trog
  7326 | D:8      | Reached skill level 11 in Short Blades
  7495 | D:8      | Found a hazy altar of Hepliaklqana.
  7899 | D:9      | Found an iron altar of Okawaru.
  7955 | D:9      | Gained mutation: Your demonic aura sometimes causes spilled
                  | blood to erupt in flames. [demonic ancestry]
  7955 | D:9      | Reached XP level 10. HP: 74/74 MP: 10/10
  8008 | D:9      | Noticed a two-headed ogre
  8013 | D:9      | Killed a two-headed ogre
  8044 | D:9      | Reached skill level 12 in Short Blades
  8083 | D:9      | Noticed Grum
  8086 | D:9      | Killed Grum
  8268 | D:9      | Found an ancient bone altar of Kikubaaqudgha.
  8352 | D:9      | Found a blossoming altar of Fedhas.
  8791 | D:10     | Entered Level 10 of the Dungeon
  8881 | D:10     | Found a staircase to the Lair.
  8956 | D:10     | Found Ivvet's Weapon Shop.
  8956 | D:10     | Found a staircase to the Orcish Mines.
  8956 | D:10     | Found Ybynas's Armour Shop.
  8979 | D:10     | Reached skill level 13 in Short Blades
  9014 | D:10     | Bought a stone for 1 gold piece
  9156 | D:10     | Noticed a rust devil
  9189 | D:10     | Reached XP level 11. HP: 80/80 MP: 11/11
  9292 | D:10     | Lost mutation: Your spells are a little easier to cast, but
                  | a little less powerful. [potion of mutation]
  9292 | D:10     | Lost mutation: Your body sometimes deteriorates upon taking
                  | damage. [potion of mutation]
  9292 | D:10     | Gained mutation: You have a pair of small horns on your
                  | head. [potion of mutation]
  9292 | D:10     | Gained mutation: You occasionally lose the ability to read
                  | scrolls when taking damage. [potion of mutation]
  9292 | D:10     | Gained mutation: You sometimes lose the ability to read
                  | scrolls when taking damage. [potion of mutation]
  9330 | D:10     | Noticed Erolcha
  9341 | D:10     | Killed Erolcha
  9673 | D:10     | Noticed a two-headed ogre
  9686 | D:10     | Killed a two-headed ogre
  9687 | D:10     | Reached skill level 14 in Short Blades
  9893 | D:10     | Bought a +1 pair of boots of rampaging for 214 gold pieces
 10095 | D:11     | Noticed Psyche
 10099 | D:11     | Killed Psyche
 10230 | D:11     | Reached skill level 1 in Throwing
 10339 | D:11     | Noticed an ogre mage
 10339 | D:11     | Noticed a two-headed ogre
 10339 | D:11     | Noticed a two-headed ogre
 10339 | D:11     | Noticed a two-headed ogre
 10339 | D:11     | Noticed a two-headed ogre
 10346 | D:11     | Killed a two-headed ogre
 10347 | D:11     | Reached skill level 10 in Stealth
 10347 | D:11     | Killed a two-headed ogre
 10348 | D:11     | Reached skill level 1 in Unarmed Combat
 10352 | D:11     | Killed a two-headed ogre
 10357 | D:11     | Killed an ogre mage
 10366 | D:11     | Killed a two-headed ogre
 10367 | D:11     | Reached skill level 5 in Fighting
 10403 | D:11     | Reached ***** piety under Trog
 10422 | D:11     | Noticed a two-headed ogre
 10425 | D:11     | Killed a two-headed ogre
 10426 | D:11     | Reached skill level 1 in Shields
 10875 | D:12     | Gained mutation: A weak demonic guardian rushes to your
                  | aid. [demonic ancestry]
 10875 | D:12     | Reached XP level 12. HP: 58/92 MP: 12/12
 10895 | D:12     | HP: 3/92 [drowned by a water elemental (4)]
 10896 | D:12     | Drowned by a water elemental

Illustrated notes

Levels and vault maps discovered:
D:1:      psy_arrival_fountain, layout_loops_ring
D:2:      layout_basic
D:3:      layout_basic, elyvilon_altar_1, grunt_qazlal_clouds,
          mainiacjoe_overflow_catwalk
D:4:      layout_basic, nicolae_gozag_zags_fifth_avenue
D:5:      layout_basic, marbit_many_paths
D:6:      layout_loops_ring, serial_shops, nicolae_shop_trees, minivault_14
D:7:      layout_loops_corners, yredelemnul_forgotten_temple_becter,
          nicolae_dithmenos_through_a_glass_darkly,
          minmay_temple_entry_glassed_door, uniq_menkaure, uniq_joseph
D:8:      layout_loops_ring, mainiacjoe_overflow_alcove_1, serial_aquarium,
          aquarium_bridge_square [aquarium_subvault_balcony,
          aquarium_subvault_wall, aquarium_subvault_bridge,
          aquarium_subvault_wall], aquarium_bridge_long_joined
          [aquarium_subvault_bridge, aquarium_subvault_bridge,
          aquarium_subvault_window, aquarium_subvault_wall,
          aquarium_subvault_bridge, aquarium_subvault_window],
          aquarium_window_fake, aquarium_window_1, aquarium_window_1,
          aquarium_view_2f, aquarium_view_2e, aquarium_balcony_double_1,
          kennysheep_opposing_triangles
D:9:      layout_irregular_city, overflow_temple_1_default, tgw_kikubaaqudgha,
          mainiacjoe_overflow_tiny_flanked, chequers_big_river, uniq_grum
D:10:     layout_gridville, lair_entry_dummy, orc_david_3, uniq_erolcha
D:11:     layout_stronghold, uniq_psyche
D:12:     layout_basic, serial_shops, nicolae_stop_n_shop_2,
          kennysheep_cross_bottleneck
Temple:   hellmonk_temple_of_storms

Skill      XL: |  1  2  3  4  5  6  7  8  9 10 11 |
---------------+----------------------------------+-----
Short Blades   | 3 4 5 7 9 11 13 14 | 14.0
Stealth        | 1 2 3 4 5 6 7 8 11 | 11.2
Armour         | 2 |  2.0
Dodging        | 2 |  2.0
Throwing       | 2 |  2.0
Fighting       | 5 |  5.2
Unarmed Combat | 2 |  2.0
Shields        | 1 |  1.3

Action                   |  1- 3 |  4- 6 |  7- 9 | 10-12 || total
-------------------------+-------+-------+-------+-------++-------
Melee: Short sword       |   116 |       |       |       ||   116
       Rapier            |    36 |   198 |   639 |   444 ||  1317
       Punch             |     2 |     2 |       |       ||     4
       Headbutt          |       |       |       |    46 ||    46
Throw: Stone             |       |       |     8 |    13 ||    21
       Javelin           |       |       |       |     1 ||     1
Invok: Berserk           |     2 |     1 |     3 |     4 ||    10
       Trog's Hand       |       |       |     1 |     2 ||     3
Evoke: Wand              |       |       |     1 |     5 ||     6
       Condenser vane    |       |       |       |     1 ||     1
  Use: Scroll            |     6 |     6 |     6 |     5 ||    23
       Potion            |     2 |       |       |     4 ||     6
 Stab: Sleeping          |     2 |     4 |     7 |     7 ||    20
       Confused          |       |       |       |     3 ||     3
Armor: Animal skin       |     6 |       |       |       ||     6
       Scale mail        |     8 |       |       |       ||     8
       Robe              |     4 |       |       |       ||     4
       Ring mail         |    24 |    74 |   242 |   283 ||   623
Dodge: Dodged            |    89 |   134 |   250 |   245 ||   718
Block: Buckler           |       |    19 |   121 |   151 ||   291

Table legend: (Time is in decaauts)
 A = Elapsed time spent in this place.
 B = Non-inter-level travel time spent in this place.
 C = Inter-level travel time spent in this place.
 D = Time resting spent in this place.
 E = Time spent auto-exploring this place.
 F = Levels seen in this place.
 G = Mean time per level.
                   A        B        C        D        E       F      G
               +--------+--------+--------+--------+--------+-----+--------+
         Total |  10661 |   9394 |   1267 |    439 |   5895 |  13 |  820.1 |
       Dungeon |  10620 |   9353 |   1267 |    439 |   5871 |  12 |  885.0 |
        Temple |     40 |     40 |      0 |      0 |     24 |   1 |   40.0 |
               +--------+--------+--------+--------+--------+-----+--------+

Top non-repeatable levels by time:
     D:7: 1200 daAuts
     D:1: 1101 daAuts
     D:8: 1071 daAuts
    D:10: 1055 daAuts
     D:3: 1035 daAuts
     D:9: 925 daAuts
     D:5: 901 daAuts
     D:2: 863 daAuts
    D:11: 823 daAuts
     D:6: 817 daAuts
     D:4: 799 daAuts
  Temple: 40 daAuts
    D:12: 25 daAuts
